 Dungeon Crawl Stone Soup version 0.18.1-48-g4cf74bf (webtiles) character file.

562 Aquadorian the Cutter (level 7, -1/45 HPs)
             Began as an Octopode Assassin on June 29, 2016.
             Was an Initiate of Fedhas.
             Slain by PeterLawrence's ghost (15 damage)
             ... in an ossuary.
             The game lasted 00:29:23 (3981 turns).

Aquadorian the Cutter (Octopode Assassin)           Turns: 3981, Time: 00:29:23

Health: -1/45      AC:  1    Str: 10    XL:     7   Next: 31%
Magic:  7/7        EV:  9    Int: 14    God:    Fedhas [......]
Gold:   38         SH:  6    Dex: 15    Spells: 0 memorised, 6 levels left

rFire  + . .     SeeInvis +     a - +2 dagger (venom)
rCold  x . .     Gourm    .     u - +0 shield
rNeg   . . .     Faith    .     (helmet restricted)
rPois  .         Spirit   .     (no amulet)
rElec  .         Dismiss  .     n - ring of wizardry
rCorr  .         Reflect  .     o - ring of see invisible
SustAt .         Harm     .     g - ring of fire
MR     .....                    (no ring)
Stlth  ++++......               (no ring)
                                (no ring)
                                (no ring)
                                (no ring)

@: not resistant to hostile enchantments, stealthy
A: almost no armour, amphibious, 8 rings, constrict 8, camouflage 1, gelatinous
body 1
a: Renounce Religion


You were in an ossuary.
You worshipped Fedhas.
Fedhas was noncommittal.
You were not hungry.

You visited 1 branch of the dungeon, and saw 5 of its levels.
You also visited: Ossuary.

You collected 225 gold pieces.
You spent 187 gold pieces at shops.

Inventory:

Hand Weapons
 a - a +2 dagger of venom (weapon)
 b - a +0 blowgun
 t - a +0 hunting sling
Missiles
 c - 8 poisoned needles
 d - 2 curare-tipped needles
 e - 96 sling bullets
 i - 77 stones (quivered)
 r - 3 javelins
 s - 2 needles of paralysis
Armour
 u - a +0 shield (worn)
Jewellery
 g - a ring of fire (on tentacle)
 n - a ring of wizardry (left tentacle)
 o - a ring of see invisible (right tentacle)
Scrolls
 j - a scroll of identify
 k - a scroll of teleportation
Potions
 l - a potion of curing {unknown}
 m - 2 potions of heal wounds {unknown}
 p - 3 potions of degeneration
Comestibles
 f - 2 bread rations
 h - 2 fruits


   Skills:
 - Level 2.0 Fighting
 + Level 7.9 Short Blades
 - Level 2.0 Throwing
 - Level 1.0 Dodging
 - Level 5.3 Stealth


You had 6 spell levels left.
You didn't know any spells.

Dungeon Overview and Level Annotations

Branches:
Dungeon (5/15)             Temple (0/1) D:4

Altars:
Elyvilon
Fedhas
Ru
Sif Muna
Yredelemnul

Shops:
D:5 *

Annotations:
D:3 grulito's ghost, amateur MfSk Ossuary PeterLawrence's ghost, amateur DsFi


Innate Abilities, Weirdness & Mutations

You cannot wear most types of armour.
You are amphibious.
You can wear up to eight rings at the same time.
You can use your tentacles to constrict eight enemies at once.
Your skin changes colour to match your surroundings (Stealth).
Your rubbery body absorbs attacks (AC +1).


Message History

You constrict the mummy, but do no damage.
You hit the mummy. You squeeze the mummy.
The mummy is almost destroyed.
You constrict the mummy, but do no damage.
You hit the mummy.
The mummy is almost destroyed.
You constrict the mummy. You hit the mummy.
You destroy the mummy!
PeterLawrence's ghost hits you!
You hit PeterLawrence's ghost but do no damage.
PeterLawrence's ghost is lightly damaged.
You barely miss PeterLawrence's ghost.
PeterLawrence's ghost is lightly damaged.
PeterLawrence's ghost hits you.
You hit the hobgoblin zombie. You grab the hobgoblin zombie.
You constrict the hobgoblin zombie. The hobgoblin zombie hits you.
PeterLawrence's ghost hits you!
You die...
Fedhas appreciates your contribution to the ecosystem.

..##..## ##..##..## .##..##
..##..##..## ##..## #..##..##..##
#..## #..##..##^^## ..##
#..##..##..## .## #..##..##..##
## #..##..##..## # #ZW##..##..##
#@.##..##..## ##..##..##..##
##..##.^##..## ##..##..##..##
####################..##..##..##
..^.....^..............##..##^.##
##########################..##..#
....................^........##∩∩
#################################


You could see PeterLawrence's ghost and a hobgoblin zombie.

Vanquished Creatures
  An ogre (D:5)
  An elf skeleton (D:5)
  A human zombie (D:5)
  A jelly (D:5)
  A centaur skeleton (D:4)
  3 human skeletons (D:5)
  Natasha (twice) (D:4)
  2 iguanas (D:4)
  A worker ant (D:4)
  A mummy (Ossuary)
  2 adders
  2 oozes (D:2)
  An adder skeleton (D:4)
  2 worms
  A dart slug (D:1)
  5 giant geckos
  2 orcs (D:3)
  3 giant cockroaches
  A gnoll zombie (Ossuary)
  10 goblins
  9 hobgoblins
  4 jackals
  4 kobolds
  A quokka (D:3)
  4 ball pythons
  3 bats
  6 giant newts
  3 gnoll skeletons (Ossuary)
  2 goblin skeletons (Ossuary)
  3 hobgoblin zombies (Ossuary)
  2 kobold skeletons (Ossuary)
  2 kobold zombies (Ossuary)
  4 orc skeletons
  2 orc zombies (Ossuary)
  9 rats
  A rat skeleton (Ossuary)
  A rat zombie (Ossuary)
103 creatures vanquished.

Vanquished Creatures (others)
  Menkaure (Ossuary)
  2 gnoll zombies (Ossuary)
  2 goblin skeletons (Ossuary)
  4 goblin zombies (Ossuary)
  2 hobgoblin skeletons (Ossuary)
  A hobgoblin zombie (Ossuary)
  5 kobold skeletons (Ossuary)
  3 kobold zombies (Ossuary)
  2 orc skeletons (Ossuary)
  3 orc zombies (Ossuary)
  A rat skeleton (Ossuary)
  A rat zombie (Ossuary)
27 creatures vanquished.

Grand Total: 130 creatures vanquished

Notes
Turn   | Place    | Note
--------------------------------------------------------------
     0 | D:1      | Aquadorian the Octopode Assassin began the quest for the Orb.
     0 | D:1      | Reached XP level 1. HP: 14/14 MP: 1/1
    83 | D:1      | Reached XP level 2. HP: 19/19 MP: 2/2
   412 | D:1      | Reached skill level 3 in Short Blades
   551 | D:1      | Reached XP level 3. HP: 23/24 MP: 3/3
  1150 | D:2      | Found a blossoming altar of Fedhas.
  1158 | D:2      | Became a worshipper of Fedhas Madash
  1181 | D:2      | Found a sacrificial altar of Ru.
  1223 | D:2      | Reached skill level 4 in Short Blades
  1263 | D:2      | Reached XP level 4. HP: 29/29 MP: 4/4
  1385 | D:2      | Found a white marble altar of Elyvilon.
  1820 | D:3      | Found a basalt altar of Yredelemnul.
  1966 | D:3      | Found a deep blue altar of Sif Muna.
  2338 | D:3      | Noticed grulito's ghost (amateur MfSk)
  2507 | D:4      | Found a staircase to the Ecumenical Temple.
  2522 | D:4      | Noticed Natasha
  2535 | D:4      | Killed Natasha
  2535 | D:4      | Reached skill level 5 in Short Blades
  2535 | D:4      | Reached XP level 5. HP: 27/34 MP: 5/5
  2987 | D:4      | Reached skill level 6 in Short Blades
  2992 | D:4      | Reached XP level 6. HP: 28/39 MP: 6/6
  3014 | D:4      | Noticed Natasha
  3028 | D:4      | Killed Natasha
  3157 | D:4      | Noticed a phantom
  3415 | D:5      | Entered Level 5 of the Dungeon
  3441 | D:5      | Found Loenu's Assorted Antiques.
  3522 | D:5      | Bought a brass ring for 110 gold pieces
  3522 | D:5      | Bought a scroll of magic mapping for 77 gold pieces
  3577 | D:5      | Reached skill level 7 in Short Blades
  3627 | D:5      | Found a sand-covered staircase.
  3629 | D:5      | Reached XP level 7. HP: 36/45 MP: 7/7
  3690 | Ossuary  | Entered an ossuary
  3833 | Ossuary  | Killed Menkaure
  3962 | Ossuary  | Noticed PeterLawrence's ghost (amateur DsFi)
  3981 | Ossuary  | Slain by PeterLawrence's ghost

Skill      XL: |  1  2  3  4  5  6 |
---------------+-------------------+-----
Short Blades   | 3 4 5 6 7 |  7.9
Fighting       | |  2.0
Throwing       | |  2.0
Dodging        | |  1.0
Stealth        | |  5.3

Action                   |  1- 3 |  4- 6 |  7- 9 || total
-------------------------+-------+-------+-------++-------
Melee: Dagger            |    48 |   119 |    60 ||   227
       Constrict         |     8 |    19 |    17 ||    44
       Tentacles         |     5 |    18 |    15 ||    38
  Use: Scroll            |       |     8 |       ||     8
       Potion            |       |     2 |       ||     2
 Stab: Sleeping          |    22 |    15 |     5 ||    42
       Distracted        |     1 |       |     1 ||     2
  Eat: Chunk             |     1 |     6 |       ||     7
       Bread ration      |       |     1 |       ||     1
       Fruit             |       |     1 |       ||     1
Armor: Skin              |     5 |     9 |     1 ||    15
Dodge: Dodged            |     7 |    39 |     2 ||    48
Block: Shield            |       |    11 |     6 ||    17
